ORI
UNIVERSITY OF ALABAMA CRIMSON TIDE @ FLORIDA STATE UNIVERSITY SEMINOLES
11/07/2049
 
TOP OF THE 1ST
University of Minnesota Golden Gophers batting - Pitching for University of Conneticut Huskies : RHP Sherwood Abernethy
Pitching: RHP Sherwood Abernethy
Batting: RHB Tatsuyoshi Ikeda 0-0: Ball
1-0: Swinging Strike
1-1: DOUBLE (Line Drive, 78M, EV 107.5 MPH)
Batting: LHB Alex Villa 0-0: Fly out, F9 (Line Drive, 9S, EV 105.0 MPH)
Batting: RHB Ozzie Buendia 0-0: Ball
Tatsuyoshi Ikeda is caught stealing 3rd base 2-5
1-0: Foul Ball, location: 2F
1-1: Called Strike
1-2: Fly out, F8 (Flyball, 8RD, EV 95.6 MPH)
Top of the 1st over - 0 runs, 1 hit, 0 errors, 0 left on base; University of Minnesota 0 - University of Conneticut 0
BOTTOM OF THE 1ST
University of Conneticut Huskies batting - Pitching for University of Minnesota Golden Gophers : RHP Josh Sheets
Pitching: RHP Josh Sheets
Batting: LHB Hector Acosta 0-0: Called Strike
0-1: Called Strike
0-2: Strikes out swinging
Batting: RHB Kyle Finney 0-0: Ball
1-0: Ball
2-0: Swinging Strike
2-1: Foul Ball, location: 2F
2-2: Ball
3-2: Strikes out swinging
Batting: RHB Jordan Nicholas 0-0: Called Strike
0-1: Ball
1-1: Ground out 4-3 (Groundball, 4, EV 108.1 MPH)
Bottom of the 1st over - 0 runs, 0 hits, 0 errors, 0 left on base; University of Minnesota 0 - University of Conneticut 0
TOP OF THE 2ND
University of Minnesota Golden Gophers batting - Pitching for University of Conneticut Huskies : RHP Sherwood Abernethy
Batting: LHB Dick Shafer 0-0: Ball
1-0: Swinging Strike
1-1: Ball
2-1: Fly out, F8 (Flyball, 8RM, EV 89.4 MPH)
Batting: LHB Phil Bonner 0-0: Called Strike
0-1: Ground out 1-3 (Groundball, 13S, EV 61.2 MPH)
Batting: LHB Josh Rini 0-0: Called Strike
0-1: Foul Ball, location: 2F
0-2: Strikes out looking
Top of the 2nd over - 0 runs, 0 hits, 0 errors, 0 left on base; University of Minnesota 0 - University of Conneticut 0
BOTTOM OF THE 2ND
University of Conneticut Huskies batting - Pitching for University of Minnesota Golden Gophers : RHP Josh Sheets
Batting: LHB Andrew Barzee 0-0: Ball
1-0: Swinging Strike
1-1: Ball
2-1: Called Strike
2-2: Ground out 4-3 (Groundball, 4, EV 104.4 MPH)
Batting: LHB Omar Alba 0-0: Called Strike
0-1: Ball
1-1: Swinging Strike
1-2: Fly out, F7 (Line Drive, 7D, EV 91.9 MPH)
Batting: RHB Cullen Elliott 0-0: Called Strike
0-1: Foul Ball, location: 2F
0-2: Foul Ball, location: 2F
0-2: SINGLE (Groundball, 34D, EV 101.9 MPH)
Batting: RHB Lee Wilbur 0-0: Ball
1-0: Called Strike
1-1: Ball
2-1: Ball
3-1: Base on Balls
Cullen Elliott to second
Batting: RHB Jack Vokey 0-0: Foul Ball, location: 2F
0-1: Ball
1-1: Swinging Strike
1-2: Foul Ball, location: 2F
1-2: Strikes out swinging
Bottom of the 2nd over - 0 runs, 1 hit, 0 errors, 2 left on base; University of Minnesota 0 - University of Conneticut 0
TOP OF THE 3RD
University of Minnesota Golden Gophers batting - Pitching for University of Conneticut Huskies : RHP Sherwood Abernethy
Batting: RHB Adler Cananis 0-0: Foul Ball, location: 2F
0-1: Called Strike
0-2: Ball
1-2: Foul Ball, location: 2F
1-2: Ball
2-2: Foul Ball, location: 2F
2-2: DOUBLE (Line Drive, 78D, EV 101.9 MPH)
Batting: RHB Jarrod Strickhouser 0-0: Called Strike
0-1: Ground out 3-1 (Groundball, 34S, EV 92.5 MPH)
Adler Cananis to third
Batting: RHB Jose Garrido 0-0: Called Strike
0-1: Foul Ball, location: 2F
0-2: Ball
1-2: Ball
2-2: Foul Ball, location: 2F
2-2: Ball
3-2: Fly out, F8 (Flyball, 8RD, EV 106.9 MPH)
Runner from 3rd tags up, SCORES, throw by CF
Batting: RHB Tatsuyoshi Ikeda 0-0: Ball
1-0: Ball
2-0: Ball
3-0: Base on Balls
Batting: LHB Alex Villa 0-0: Ball
1-0: Ball
Tatsuyoshi Ikeda steals 2nd base
2-0: Foul Ball, location: 2F
2-1: Ball
3-1: Foul Ball, location: 2F
3-2: Foul Ball, location: 2F
3-2: Foul Ball, location: 2F
3-2: Foul Ball, location: 2F
3-2: Fly out, F8 (Flyball, 8LM, EV 97.5 MPH)
Top of the 3rd over - 1 run, 1 hit, 0 errors, 1 left on base; University of Minnesota 1 - University of Conneticut 0
BOTTOM OF THE 3RD
University of Conneticut Huskies batting - Pitching for University of Minnesota Golden Gophers : RHP Josh Sheets
Batting: RHB Roku Kawano 0-0: Fly out, F8 (Line Drive, 8RM, EV 86.2 MPH)
Batting: LHB Hector Acosta 0-0: Ball
1-0: Ball
2-0: Called Strike
2-1: Fly out, F3 (Line Drive, 34, EV 73.8 MPH)
Batting: RHB Kyle Finney 0-0: Swinging Strike
0-1: Called Strike
0-2: Ball
1-2: Strikes out swinging
Bottom of the 3rd over - 0 runs, 0 hits, 0 errors, 0 left on base; University of Minnesota 1 - University of Conneticut 0
TOP OF THE 4TH
University of Minnesota Golden Gophers batting - Pitching for University of Conneticut Huskies : RHP Sherwood Abernethy
Batting: RHB Ozzie Buendia 0-0: Ball
1-0: Ball
2-0: Called Strike
2-1: Foul Ball, location: 2F
2-2: Foul Ball, location: 2F
2-2: Ground out 6-3 (Groundball, 56, EV 109.4 MPH)
Batting: LHB Dick Shafer 0-0: Called Strike
0-1: Called Strike
0-2: Strikes out swinging
Batting: LHB Phil Bonner 0-0: Ball
1-0: Fly out, F9 (Flyball, 9D, EV 91.2 MPH)
Top of the 4th over - 0 runs, 0 hits, 0 errors, 0 left on base; University of Minnesota 1 - University of Conneticut 0
BOTTOM OF THE 4TH
University of Conneticut Huskies batting - Pitching for University of Minnesota Golden Gophers : RHP Josh Sheets
Batting: RHB Jordan Nicholas 0-0: Called Strike
0-1: Called Strike
0-2: Ball
1-2: Strikes out looking
Batting: LHB Andrew Barzee 0-0: Called Strike
0-1: Foul Ball, location: 2F
0-2: Ball
1-2: Fly out, F8 (Flyball, 78M, EV 95.6 MPH)
Batting: LHB Omar Alba 0-0: Ball
1-0: Foul Ball, location: 2F
1-1: Ball
2-1: DOUBLE (Flyball, 89D, EV 103.1 MPH)
Batting: RHB Cullen Elliott 0-0: Foul Ball, location: 2F
0-1: Ball
1-1: SINGLE (Groundball, 34D, EV 95.0 MPH)
Omar Alba to third
Runner from 3rd tries for Home, SAFE, throw by RF to home
Batting: RHB Lee Wilbur 0-0: Ball
1-0: Fielders Choice at 2nd, U6 (Groundball, 6M, EV 80.0 MPH)
Bottom of the 4th over - 1 run, 2 hits, 0 errors, 1 left on base; University of Minnesota 1 - University of Conneticut 1
TOP OF THE 5TH
University of Minnesota Golden Gophers batting - Pitching for University of Conneticut Huskies : RHP Sherwood Abernethy
Batting: LHB Josh Rini 0-0: Ball
1-0: Foul Ball, location: 2F
1-1: Ball
2-1: Called Strike
2-2: Ball
3-2: SINGLE (Groundball, 4D, EV 100.0 MPH)
Batting: RHB Adler Cananis 0-0: Swinging Strike
0-1: Ball
1-1: Ball
2-1: Ball
3-1: Foul Ball, location: 2F
3-2: Strikes out swinging
Batting: RHB Jarrod Strickhouser 0-0: Called Strike
0-1: Fielders Choice at 2nd, 5-4 (Groundball, 15, EV 90.6 MPH)
Pitching: RHP Victor Nava
Batting: RHB Jose Garrido 0-0: Called Strike
0-1: DOUBLE (Line Drive, 9LS, EV 98.8 MPH)
Jarrod Strickhouser to third
Runner from 3rd tries for Home, SAFE, throw by RF to home
Batting: RHB Tatsuyoshi Ikeda 0-0: Called Strike
0-1: Called Strike
0-2: Foul Ball, location: 2F
0-2: Foul Ball, location: 2F
0-2: Strikes out swinging
Top of the 5th over - 1 run, 2 hits, 0 errors, 1 left on base; University of Minnesota 2 - University of Conneticut 1
BOTTOM OF THE 5TH
University of Conneticut Huskies batting - Pitching for University of Minnesota Golden Gophers : RHP Josh Sheets
Batting: RHB Jack Vokey 0-0: Ball
1-0: Fly out, F8 (Flyball, 8RD, EV 101.9 MPH)
Batting: RHB Roku Kawano 0-0: Ball
1-0: Foul Ball, location: 2F
1-1: Fly out, F7 (Flyball, 7S, EV 90.0 MPH)
Batting: LHB Hector Acosta 0-0: DOUBLE (Groundball, 3L, EV 103.1 MPH)
Batting: RHB Kyle Finney 0-0: Called Strike
0-1: Ball
1-1: Foul Ball, location: 2F
1-2: Strikes out swinging
Bottom of the 5th over - 0 runs, 1 hit, 0 errors, 1 left on base; University of Minnesota 2 - University of Conneticut 1
TOP OF THE 6TH
University of Minnesota Golden Gophers batting - Pitching for University of Conneticut Huskies : RHP Victor Nava
Batting: LHB Alex Villa 0-0: SINGLE (Flyball, 9LS, EV 95.0 MPH)
Batting: RHB Ozzie Buendia 0-0: Ball
1-0: Ball
2-0: Called Strike
2-1: Called Strike
2-2: Foul Ball, location: 2F
2-2: Foul Ball, location: 2F
2-2: 2-RUN HOME RUN (Flyball, 7D, EV 98.8 MPH), Distance : 379 ft
Batting: LHB Dick Shafer 0-0: Fly out, F6 (Popup, 6MD, EV 48.8 MPH)
Batting: LHB Phil Bonner 0-0: Ball
1-0: Ball
2-0: Ball
3-0: Called Strike
3-1: Called Strike
3-2: Fly out, F8 (Flyball, 8LD, EV 91.2 MPH)
Batting: LHB Josh Rini 0-0: Ball
1-0: Ball
2-0: Foul Ball, location: 2F
2-1: Ball
3-1: Called Strike
3-2: Foul Ball, location: 2F
3-2: Foul Ball, location: 2F
3-2: Ground out 4-3 (Groundball, 4M, EV 89.4 MPH)
Top of the 6th over - 2 runs, 2 hits, 0 errors, 0 left on base; University of Minnesota 4 - University of Conneticut 1
BOTTOM OF THE 6TH
University of Conneticut Huskies batting - Pitching for University of Minnesota Golden Gophers : RHP Josh Sheets
Batting: RHB Jordan Nicholas 0-0: Foul Ball, location: 2F
0-1: Called Strike
0-2: Ball
1-2: Ground out 1-3 (Groundball, 15S, EV 76.9 MPH)
Pitching: LHP Kadidu Kiprotich
Batting: LHB Andrew Barzee 0-0: Ball
1-0: Called Strike
1-1: Ball
2-1: Fly out, F6 (Popup, 6D, EV 67.5 MPH)
Batting: LHB Omar Alba 0-0: Ball
1-0: Called Strike
1-1: Foul Ball, location: 2F
1-2: Ball
2-2: Strikes out swinging
Bottom of the 6th over - 0 runs, 0 hits, 0 errors, 0 left on base; University of Minnesota 4 - University of Conneticut 1
TOP OF THE 7TH
University of Minnesota Golden Gophers batting - Pitching for University of Conneticut Huskies : RHP Victor Nava
Batting: RHB Adler Cananis 0-0: Ball
1-0: Foul Ball, location: 2F
1-1: Ball
2-1: Fly out, F8 (Flyball, 8LD, EV 96.2 MPH)
Batting: RHB Jarrod Strickhouser 0-0: Swinging Strike
0-1: Ball
1-1: Swinging Strike
1-2: Foul Ball, location: 2F
1-2: Ground out 5-3 (Groundball, 56, EV 86.2 MPH)
Batting: RHB Jose Garrido 0-0: Called Strike
0-1: Called Strike
0-2: Strikes out looking
Top of the 7th over - 0 runs, 0 hits, 0 errors, 0 left on base; University of Minnesota 4 - University of Conneticut 1
BOTTOM OF THE 7TH
University of Conneticut Huskies batting - Pitching for University of Minnesota Golden Gophers : LHP Kadidu Kiprotich
Batting: RHB Cullen Elliott 0-0: Ball
1-0: Called Strike
1-1: Swinging Strike
1-2: Ball
2-2: Foul Ball, location: 2F
2-2: Strikes out swinging
Batting: RHB Lee Wilbur 0-0: Called Strike
0-1: Called Strike
0-2: Strikes out swinging
Batting: RHB Jack Vokey 0-0: Swinging Strike
0-1: Called Strike
0-2: Ball
1-2: Strikes out swinging
Bottom of the 7th over - 0 runs, 0 hits, 0 errors, 0 left on base; University of Minnesota 4 - University of Conneticut 1
TOP OF THE 8TH
University of Minnesota Golden Gophers batting - Pitching for University of Conneticut Huskies : RHP Victor Nava
Pinch Hitting: RHB Ron Gooch 0-0: Ground out 3-1 (Groundball, 34, EV 86.2 MPH)
Batting: LHB Alex Villa 0-0: Called Strike
0-1: Called Strike
0-2: Ball
1-2: Strikes out swinging
Batting: RHB Ozzie Buendia 0-0: Fly out, F4 (Popup, 4M, EV 49.4 MPH)
Top of the 8th over - 0 runs, 0 hits, 0 errors, 0 left on base; University of Minnesota 4 - University of Conneticut 1
BOTTOM OF THE 8TH
University of Conneticut Huskies batting - Pitching for University of Minnesota Golden Gophers : LHP Kadidu Kiprotich
Pitching: LHP Bill Parker
Now at 1B: Jarrod Strickhouser
Now at SS: Farakiko Haunani
Now in CF: Chris Rodgers
Batting: RHB Roku Kawano 0-0: Ball
1-0: Fly out, F5 (Popup, 5SF, EV 62.5 MPH)
Batting: LHB Hector Acosta 0-0: Called Strike
0-1: Swinging Strike
0-2: Ball
1-2: Strikes out swinging
Batting: RHB Kyle Finney 0-0: Ball
1-0: Ball
2-0: Foul Ball, location: 2F
2-1: Swinging Strike
2-2: Strikes out looking
Bottom of the 8th over - 0 runs, 0 hits, 0 errors, 0 left on base; University of Minnesota 4 - University of Conneticut 1
TOP OF THE 9TH
University of Minnesota Golden Gophers batting - Pitching for University of Conneticut Huskies : RHP Victor Nava
Pinch Hitting: LHB Jose Moncada 0-0: Foul Ball, location: 2F
0-1: Ball
1-1: Fly out, F8 (Flyball, 78M, EV 91.9 MPH)
Batting: RHB Mike Satterfield 0-0: Ball
1-0: Ball
2-0: Ball
3-0: Base on Balls
Batting: LHB Josh Rini 0-0: Called Strike
0-1: Ball
1-1: Ball
2-1: Ball
3-1: Base on Balls
Mike Satterfield to second
Batting: SHB Chris Rodgers 0-0: Swinging Strike
0-1: Ball
1-1: Foul Ball, location: 2F
1-2: SINGLE (Line Drive, 56, EV 94.4 MPH)
Mike Satterfield to third
Josh Rini to second
Pitching: RHP Ismael Vega
Batting: RHB Jarrod Strickhouser 0-0: Ball
1-0: Ball
2-0: Ball
3-0: Base on Balls
Mike Satterfield scores
Josh Rini to third
Chris Rodgers to second
Batting: RHB Jose Garrido 0-0: Ball
1-0: Called Strike
1-1: Ball
2-1: Foul Ball, location: 2F
2-2: Strikes out looking
Batting: RHB Farakiko Haunani 0-0: Swinging Strike
0-1: Swinging Strike
0-2: Foul Ball, location: 2F
0-2: Ball
1-2: SINGLE (Groundball, 6MD, EV 109.4 MPH)
Josh Rini scores
Chris Rodgers to third
Jarrod Strickhouser to second
Throwing error, E8
Chris Rodgers scores
Jarrod Strickhouser to third
Farakiko Haunani to second
Batting: LHB Alex Villa 0-0: Ball
1-0: Fly out, F7 (Flyball, 78D, EV 111.2 MPH)
Top of the 9th over - 3 runs, 2 hits, 1 error, 2 left on base; University of Minnesota 7 - University of Conneticut 1
BOTTOM OF THE 9TH
University of Conneticut Huskies batting - Pitching for University of Minnesota Golden Gophers : LHP Bill Parker
Now in RF: Roy Evenden
Pinch Hitting: RHB Paul Pastrano 0-0: Called Strike
0-1: Swinging Strike
0-2: Ball
1-2: Strikes out looking
Pinch Hitting: SHB Miguel Perez 0-0: Foul Ball, location: 2F
0-1: Fly out, F7 (Flyball, 78S, EV 92.5 MPH)
Batting: LHB Omar Alba 0-0: Ball
1-0: Swinging Strike
1-1: Foul Ball, location: 2F
1-2: Strikes out swinging
Bottom of the 9th over - 0 runs, 0 hits, 0 errors, 0 left on base; University of Minnesota 7 - University of Conneticut 1
Sunday, July 16th , 2023 - OOTP Baseball 24.6 Build 69